 Dungeon Crawl Stone Soup version 0.18.1-48-g4cf74bf (webtiles) character file.

191990 nuthulu the Tortoise (level 18, -9/186 HPs)
             Began as a Gargoyle Fighter on Sept 5, 2016.
             Was a High Priest of Okawaru.
             Killed from afar by a greater naga (13 damage)
             ... with a poison arrow
             ... on level 4 of the Snake Pit.
             The game lasted 01:32:18 (38598 turns).

nuthulu the Tortoise (Gargoyle Fighter)            Turns: 38598, Time: 01:32:18

Health: -9/186     AC: 58    Str: 26    XL:     18   Next: 22%
Magic:  13/23      EV:  8    Int: 10    God:    Okawaru [*****.]
Gold:   287        SH: 24    Dex: 22    Spells: 0 memorised, 17 levels left

rFire  . . .     SeeInvis .     J - +7 flail (freeze)
rCold  . . .     Gourm    .     p - +0 crystal plate armour of Pride {rPois rN++ MR+ Str-3}
rNeg   + + +     Faith    .     c - +2 shield
rPois  ∞         Spirit   .     h - +2 helmet
rElec  +         Dismiss  .     S - +2 cloak
rCorr  .         Reflect  +     K - +1 pair of gloves "Vorawuu" {Dex+4}
SustAt .         Harm     .     G - +2 pair of boots {run}
MR     +++..                    u - +5 amulet of reflection
Stlth  ..........               F - ring of protection from magic
                                x - +6 ring of dexterity

@: mighty, berserking, heroism, flying, very slightly contaminated, constricted,
very quick, extremely resistant to hostile enchantments, extremely unstealthy
A: big wings, negative energy resistance 1, electricity resistance, unbreathing,
petrification resistance, rot immunity, AC +13
a: Stop Flying, Heroism, Finesse, Renounce Religion
}: 1/15 runes: barnacled


You were on level 4 of the Snake Pit.
You worshipped Okawaru.
Okawaru was extremely pleased with you.
You were hungry.

You visited 6 branches of the dungeon, and saw 29 of its levels.
You also visited: Ossuary and Volcano.

You collected 3322 gold pieces.
You spent 3035 gold pieces at shops.

Inventory:

Hand Weapons
 d - a +2 flail of protection
 r - the +3 flail "Viha Retro" {antimagic, Dex+3}
   (You found it on level 4 of the Lair of Beasts)

   It disrupts the flow of magical energy around spellcasters and certain
   magical creatures (including the wielder).
   It affects your dexterity (+3).
 w - the +9 morningstar "Pameg" {drain, *Rage rN+++ MR++ Str-4}
   (Okawaru gifted it to you on level 1 of the Snake Pit)

   A truly terrible weapon, it drains the life of those it strikes.
   It affects your strength (-4).
   It renders you almost immune to negative energy.
   It affects your resistance to hostile enchantments.
   It may make you go berserk in combat.
 A - the +2 morningstar "Ogre's Death Toll" {flame, Dex+4}
   (You found it on level 1 of the Snake Pit)

   It has been specially enchanted to burn those struck by it, causing extra
   injury to most foes and up to half again as much damage against particularly
   susceptible opponents.
   It affects your dexterity (+4).
 J - a +7 flail of freezing (weapon)
Missiles
 L - 12 throwing nets (quivered)
Armour
 b - the +6 scale mail of the Valley of Death {*Drain rN+ Dex+5}
   (You found it on level 8 of the Lair of Beasts)

   It affects your dexterity (+5).
   It protects you from negative energy.
   It causes draining when unequipped.
 c - a +2 shield (worn)
 h - a +2 helmet (worn)
 l - a +4 plate armour
 p - the +0 crystal plate armour of Pride (worn) {rPois rN++ MR+ Str-3}
   (You bought it in a shop on level 4 of the Dungeon)

   It affects your strength (-3).
   It protects you from poison.
   It greatly protects you from negative energy.
   It affects your resistance to hostile enchantments.
 C - a +0 crystal plate armour
 G - a +2 pair of boots of running (worn)
 K - the +1 pair of gloves "Vorawuu" (worn) {Dex+4}
   (Okawaru gifted it to you on level 3 of the Lair of Beasts)

   It affects your dexterity (+4).
 S - a +2 cloak (worn)
 V - the +0 hat of Indemnity {rCorr}
   (Okawaru gifted it to you on level 5 of the Lair of Beasts)

   It protects you from acid and corrosion.
Jewellery
 u - a +5 amulet of reflection (around neck)
 v - a +1 ring of slaying
 x - a +6 ring of dexterity (left hand)
 E - a cursed -2 ring of dexterity
 F - a ring of protection from magic (right hand)
 H - an uncursed ring of positive energy
 M - an uncursed ring of ice
 N - an uncursed ring of protection from fire
 Q - a +3 ring of evasion
Scrolls
 e - a scroll of recharging
 i - a scroll of identify
 k - 4 scrolls of teleportation
 o - 5 scrolls of amnesia
 t - 5 scrolls of fear
 y - 7 scrolls of remove curse
 T - 3 scrolls of fog
Potions
 a - 7 potions of brilliance
 n - 2 potions of ambrosia
 q - 2 potions of magic
 B - 4 potions of berserk rage
 D - a potion of resistance
 I - 2 potions of flight
 P - a potion of curing
 R - a potion of cancellation
 X - a potion of cure mutation
 Y - 4 potions of agility
Books
 Z - a book of Beasts

   Spells                             Type                      Level
   a - Summon Butterflies             Summoning                    1
   b - Call Canine Familiar           Summoning                    3
   c - Summon Ice Beast               Ice/Summoning                4
   d - Summon Mana Viper              Hexes/Summoning              5
   e - Summon Hydra                   Summoning                    7
Comestibles
 f - 5 bread rations
 m - 4 meat rations
 s - 23 fruits
 z - 8 slices of pizza
 U - a beef jerky


   Skills:
 * Level 17.9(22.9) Fighting
 - Level 14.0(19.0) Maces & Flails
 + Level 19.2(24.2) Armour
 - Level 1.0(6.0) Dodging
 - Level 1.6(6.6) Stealth
 - Level 15.0(20.0) Shields
 - Level 7.0 Invocations


You had 17 spell levels left.
You didn't know any spells.

Dungeon Overview and Level Annotations

Branches:
Dungeon (10/15)            Temple (1/1) D:7            Lair (8/8) D:10
 Shoals (4/4) Lair:3        Snake (4/4) Lair:4        Slime (0/6) Lair:7
    Orc (2/2) D:10            Elf (0/3) Orc:2

Altars:
Ashenzari
Cheibriados
Dithmenos
Gozag
Makhleb
Nemelex Xobeh
Okawaru
Pakellas
Ru
Trog
Yredelemnul
Jiyva

Shops:
D:4 [   D:5 [   D:8 ?   Orc:1 :   Orc:2 (?[*   Snake:1 *   Snake:3 %=[*%

Portals:
Hell: Lair:8


Innate Abilities, Weirdness & Mutations

You are resistant to torment.
Your stone body is resilient (AC +13).
You are immune to poison.
Your large and strong wings let you fly indefinitely.
You resist negative energy.
You are resistant to electric shocks.
You can survive without breathing.
You are immune to petrification.
You are immune to rotting.


Message History

* * * LOW HITPOINT WARNING * * *
You feel your power leaking away.
The black mamba bites you but does no damage. x2
The anaconda bites you but does no damage.
The anaconda constricts you. The greater naga barely misses you.
The greater naga hits you.
* * * LOW HITPOINT WARNING * * *
You block the mana viper's attack.
You hit the greater naga. You freeze the greater naga.
The greater naga is lightly wounded.
The black mamba bites you but does no damage.
You block the black mamba's attack. You block the anaconda's attack.
The anaconda constricts you.
Unknown command.
You sock the greater naga! You freeze the greater naga.
The greater naga is lightly wounded.
You block the greater naga's attack.
The greater naga gestures at you while chanting.
The poison arrow hits you! You partially resist.
You die...

#......# # #......#
#.## ......# #...
#.....# #... #.....#
#... ##.....# +...
###.SSN..# #...
#...@NN..# #..N
#...SSN..### ###...
#..........#####..S..
#...............S....
#........[...........
##............######.
#............#.#..##
##..........##......
#..........+.......


You could see 2 greater nagas, an anaconda, a mana viper, 2 black mambas and 2
naga magi.

Vanquished Creatures
  2 krakens
  The ghost of PositiveJam the Severer, an adept MiFi of Okawaru (Shoals:1)
  Agnes (Snake:2)
  4 greater nagas
  Ilsuiw (Shoals:4)
  The ghost of M4edhros the Slinger, an adept OpAr of Fedhas (Snake:3)
  The ghost of simples the Imperceptible, an adept SpEn of Gozag (Shoals:4)
  Aizul (Snake:2)
  A merfolk javelineer (Shoals:4)
  Snorg (Lair:3)
  6 merfolk impalers
  Josephine (D:10)
  6 naga warriors
  Fannar (Lair:1)
  8 hydras
  A catoblepas (Lair:5)
  An alligator snapping turtle (Shoals:4)
  16 anacondas
  2 satyrs (Shoals:4)
  8 merfolk aquamancers
  5 merfolk avatars
  A queen ant (Lair:6)
  2 death yaks (Lair:3)
  4 orc high priests
  10 shock serpents
  4 naga sharpshooters
  A sun demon (Lair:8)
  A salamander mystic (Snake:3)
  14 sea snakes
  A wizard (Lair:8)
  3 naga ritualists
  16 harpies
  A lindwurm (Volcano)
  9 mana vipers
  An orc sorcerer (Orc:1)
  9 fauns
  9 salamanders
  6 griffons
  A cyclops (Shoals:4)
  12 manticores
  10 sirens
  Maurice (Orc:2)
  7 water nymphs
  3 orange demons (Lair:8)
  40 black mambas
  8 guardian serpents
  11 naga magi
  12 spiny frogs
  A smoke demon (Lair:8)
  A torpor snail (Lair:3)
  6 komodo dragons
  10 rime drakes
  2 trolls (Orc:2)
  A hellwing (Lair:8)
  3 red devils (Lair:8)
  32 merfolk
  4 wind drakes
  4 ice devils (Lair:8)
  18 blink frogs
  7 snapping turtles
  14 water elementals
  17 yaks
  3 wraiths (D:10)
  3 fire bats (Volcano)
  A basilisk (Lair:4)
  11 hippogriffs
  4 hungry ghosts
  Eustachio (D:4)
  Menkaure (D:6)
  A warg (Orc:2)
  33 nagas
  A mottled dragon (Volcano)
  11 water moccasins
  12 soldier ants (Lair:6)
  11 porcupines
  3 hell hounds
  An ice beast (D:10)
  13 orc warriors
  2 sky beasts
  4 black bears
  6 ogres
  A necrophage (D:10)
  4 phantoms
  An eye of draining (D:10)
  8 wolves
  A centaur (D:7)
  11 crocodiles
  A big kobold (D:7)
  12 giant frogs
  2 wyvern zombies (D:7)
  2 troll zombies (D:10)
  A water moccasin skeleton (D:7)
  4 scorpions
  4 wights (D:8)
  An electric eel (Lair:2)
  A howler monkey (D:7)
  6 lava snakes (Volcano)
  A crimson imp (D:5)
  A giant frog zombie (D:9)
  A centaur zombie (D:7)
  5 hounds
  8 jellies
  A centaur skeleton (D:10)
  17 orc priests
  2 quasits
  A giant frog skeleton (D:5)
  26 orc wizards
  9 iguanas
  44 worker ants
  29 sheep
  4 ogre zombies (D:10)
  9 mummies
  A gnoll (D:3)
  12 adders
  79 river rats
  An ooze (D:3)
  An adder skeleton (D:7)
  An adder zombie (D:9)
  6 worms
  A dart slug (D:1)
  6 giant geckos
  53 orcs
  2 ball pythons
  3 bats
  5 giant cockroaches
  10 goblins
  5 hobgoblins
  13 jackals
  4 quokkas
  A giant cockroach zombie (D:6)
  A giant gecko skeleton (D:4)
  6 giant newts
  2 gnoll zombies (Ossuary)
  2 goblin skeletons (D:10)
  A goblin zombie (D:10)
  A hobgoblin skeleton (D:10)
  6 hobgoblin zombies
  15 kobolds
  3 kobold zombies (Ossuary)
  12 orc zombies
  6 rats
  A plant (Shoals:4)
  5 tentacles
991 creatures vanquished.

Vanquished Creatures (others)
  2 merfolk javelineers (Shoals:4)
  A naga warrior (Snake:2)
  2 naga sharpshooters (Snake:4)
  2 cyclopes
  A siren (Shoals:4)
  A naga mage (Snake:4)
  7 centaurs
  A kobold (D:7)
  2 fungi
  12 plants
  6 tentacles
  216 tentacle segments
253 creatures vanquished.

Grand Total: 1244 creatures vanquished

Notes
Turn   | Place    | Note
--------------------------------------------------------------
     0 | D:1      | nuthulu the Gargoyle Fighter began the quest for the Orb.
     0 | D:1      | Reached XP level 1. HP: 14/14 MP: 1/1
   118 | D:1      | Reached XP level 2. HP: 20/20 MP: 2/2
   810 | D:2      | Reached XP level 3. HP: 24/24 MP: 3/3
  1022 | D:2      | Reached skill level 1 in Dodging
  1155 | D:2      | Found an iron altar of Okawaru.
  1170 | D:2      | Became a worshipper of Warmaster Okawaru
  1291 | D:2      | Reached XP level 4. HP: 21/30 MP: 4/4
  1633 | D:3      | Reached XP level 5. HP: 32/34 MP: 5/5
  2090 | D:3      | Found a snail-covered altar of Cheibriados.
  2168 | D:4      | Noticed Eustachio
  2177 | D:4      | Killed Eustachio
  2177 | D:4      | Reached skill level 5 in Shields
  2177 | D:4      | Reached XP level 6. HP: 40/40 MP: 6/6
  2282 | D:4      | You fall through a shaft for 2 floors!
  2325 | D:5      | Entered Level 5 of the Dungeon
  2411 | D:5      | Reached * piety under Okawaru
  2491 | D:4      | Reached XP level 7. HP: 35/44 MP: 7/7
  2804 | D:4      | Reached skill level 5 in Maces & Flails
  3182 | D:4      | Found Biezidac's Antique Armour Boutique.
  3338 | D:4      | Found an oddly glowing altar of Pakellas.
  3342 | D:4      | Found an opulent altar of Gozag.
  3717 | D:5      | Found Kazxavvof's Armour Emporium.
  3735 | D:5      | Bought a +1 cloak for 161 gold pieces
  3889 | D:5      | Gained mutation: You possess an exceptional clarity of mind. [potion of mutation]
  3889 | D:5      | Gained mutation: You have an increased reservoir of magic (+10% MP). [potion of mutation]
  3889 | D:5      | Gained mutation: You are partially covered in molten scales (AC +1). [potion of mutation]
  3919 | D:5      | Reached ** piety under Okawaru
  3919 | D:5      | Reached XP level 8. HP: 48/48 MP: 8/8
  4267 | D:6      | Noticed Menkaure
  4415 | D:6      | HP: 2/48 [orc warrior/scimitar (19)]
  4426 | D:6      | Killed Menkaure
  5253 | D:6      | Found a sacrificial altar of Ru.
  5303 | D:6      | Found a sparkling altar of Nemelex Xobeh.
  5693 | D:7      | Found a bloodstained altar of Trog.
  5764 | D:7      | Reached XP level 9. HP: 51/53 MP: 10/10
  5782 | D:7      | Found a staircase to the Ecumenical Temple.
  5942 | D:7      | Reached *** piety under Okawaru
  5999 | D:7      | Found a basalt altar of Yredelemnul.
  6057 | D:7      | Reached skill level 10 in Shields
  6207 | D:7      | You fall through a shaft for 2 floors!
  6419 | D:8      | Found a sand-covered staircase.
  6429 | Ossuary  | Entered an ossuary
  6756 | D:7      | Reached **** piety under Okawaru
  7145 | Temple   | Entered the Ecumenical Temple
  7377 | D:8      | Found a shattered altar of Ashenzari.
  7426 | D:8      | Reached skill level 1 in Stealth
  7426 | D:8      | Reached XP level 10. HP: 25/58 MP: 8/11
  7853 | D:8      | Found Wunnogga's Magic Scroll Shop.
  7857 | D:8      | Bought a scroll of enchant armour for 97 gold pieces
  7857 | D:8      | Bought a scroll of identify for 26 gold pieces
  7857 | D:8      | Bought a scroll of enchant weapon for 97 gold pieces
  7871 | D:8      | Bought a scroll of identify for 26 gold pieces
  7871 | D:8      | Bought a scroll of teleportation for 39 gold pieces
  7871 | D:8      | Bought a scroll of teleportation for 39 gold pieces
  8227 | D:9      | Found a shadowy altar of Dithmenos.
  8686 | D:10     | Entered Level 10 of the Dungeon
  8990 | D:10     | Found a staircase to the Orcish Mines.
  9089 | D:10     | Found a staircase to the Lair.
  9284 | D:10     | Noticed Josephine
  9302 | D:10     | Killed Josephine
  9302 | D:10     | Received a gift from Okawaru
  9322 | D:10     | Reached ***** piety under Okawaru
  9498 | D:10     | Reached skill level 10 in Maces & Flails
  9595 | D:10     | Reached XP level 11. HP: 57/62 MP: 12/12
  9736 | D:10     | Received a gift from Okawaru
  9751 | D:10     | Identified a +0 pair of boots of running (Okawaru gifted it to you on level 10 of the Dungeon)
 10489 | Lair:1   | Entered Level 1 of the Lair of Beasts
 10669 | Lair:1   | Noticed Fannar
 10692 | Lair:1   | Killed Fannar
 10726 | Lair:1   | Found a dark tunnel.
 10887 | Lair:1   | Gained mutation: Your flesh is heat resistant. [potion of beneficial mutation]
 10963 | Volcano  | Entered a volcano
 11035 | Volcano  | Reached skill level 1 in Invocations
 11162 | Volcano  | Noticed a firespitter statue
 11215 | Volcano  | Noticed a firespitter statue
 11416 | Volcano  | Noticed a firespitter statue
 11419 | Volcano  | Noticed a firespitter statue
 11420 | Volcano  | Noticed a firespitter statue
 11425 | Volcano  | Found a radiant altar of Vehumet.
 11425 | Volcano  | Noticed a lindwurm
 11439 | Volcano  | Killed a lindwurm
 11966 | Lair:1   | Reached skill level 15 in Shields
 12025 | Lair:1   | Found a sparkling altar of Nemelex Xobeh.
 12419 | Lair:2   | Reached skill level 4 in Armour
 12799 | Lair:2   | Noticed a four-headed hydra
 12812 | Lair:2   | Killed a four-headed hydra
 12812 | Lair:2   | Reached XP level 12. HP: 53/68 MP: 12/14
 13049 | Lair:2   | Reached skill level 5 in Armour
 13723 | Lair:3   | Noticed a death yak
 13734 | Lair:3   | Noticed a death yak
 13751 | Lair:3   | Killed a death yak
 13766 | Lair:3   | Killed a death yak
 13766 | Lair:3   | Reached skill level 6 in Armour
 14092 | Lair:3   | Found a staircase to the Shoals.
 14120 | Lair:3   | Received a gift from Okawaru
 14141 | Lair:3   | Reached skill level 7 in Armour
 14294 | Lair:3   | Got a pair of shimmering gloves {god gift}
 14305 | Lair:3   | Identified the +1 pair of gloves "Vorawuu" {Dex+4} (Okawaru gifted it to you on level 3 of the Lair of Beasts)
 14340 | Lair:3   | Noticed Snorg
 14359 | Lair:3   | Killed Snorg
 14625 | Lair:3   | Reached skill level 8 in Armour
 14934 | Lair:3   | Noticed an eight-headed hydra
 14957 | Lair:3   | Killed an eight-headed hydra
 15602 | Lair:4   | Found a staircase to the Snake Pit.
 15858 | Lair:4   | Reached XP level 13. HP: 72/72 MP: 15/15
 15877 | Lair:4   | Reached skill level 9 in Armour
 16521 | Lair:4   | Got a shimmering flail
 16522 | Lair:4   | Identified the +3 flail "Viha Retro" {antimagic, Dex+3} (You found it on level 4 of the Lair of Beasts)
 17235 | Lair:5   | Reached skill level 10 in Armour
 17741 | Lair:5   | Received a gift from Okawaru
 17744 | Lair:5   | Got a warped hat {god gift}
 17755 | Lair:5   | Identified the +0 hat of Indemnity {rCorr} (Okawaru gifted it to you on level 5 of the Lair of Beasts)
 18203 | Lair:6   | Reached skill level 11 in Armour
 18836 | Lair:6   | Reached skill level 12 in Armour
 19734 | Lair:7   | Found a staircase to the Slime Pits.
 19734 | Lair:7   | Found a viscous altar of Jiyva.
 19986 | Lair:7   | Found a sparkling altar of Nemelex Xobeh.
 20271 | Lair:8   | Entered Level 8 of the Lair of Beasts
 20336 | Lair:8   | Got a jacinth-encrusted scale mail
 20345 | Lair:8   | Identified the cursed +0 scale mail of the Doge {rC++ MP+9 SInv} (You found it on level 8 of the Lair of Beasts)
 20393 | Lair:8   | Gained mutation: Your large and strong wings let you fly indefinitely. [Gargoyle growth]
 20393 | Lair:8   | Reached XP level 14. HP: 58/76 MP: 3/19
 20420 | Lair:8   | Reached skill level 13 in Armour
 20739 | Lair:8   | Reached skill level 5 in Invocations
 20963 | Lair:8   | Found a burning altar of Makhleb.
 20984 | Lair:8   | Received a gift from Okawaru
 20992 | Lair:8   | Reached skill level 14 in Armour
 21096 | Lair:8   | Reached ****** piety under Okawaru
 21286 | Lair:8   | Found a gateway to Hell.
 21298 | Lair:8   | Got a pitted scale mail
 21302 | Lair:8   | Identified the +6 scale mail of the Valley of Death {*Drain rN+ Dex+5} (You found it on level 8 of the Lair of Beasts)
 22140 | Orc:1    | Entered Level 1 of the Orcish Mines
 22542 | Orc:1    | Found Utoti Ulisch's Book Shop.
 22612 | Orc:2    | Entered Level 2 of the Orcish Mines
 22616 | Orc:2    | Noticed Maurice
 22634 | Orc:2    | Killed Maurice
 23286 | Orc:1    | Paralysed by an orc sorcerer for 4 turns
 23713 | Orc:2    | Reached skill level 15 in Armour
 23830 | Orc:2    | Found a staircase to the Elven Halls.
 24096 | Orc:2    | Found Burphag's Armour Shop.
 24096 | Orc:2    | Found Wyidwira's Antique Weapon Boutique.
 24150 | Orc:2    | Found Regig's Magic Scroll Boutique.
 24177 | Orc:2    | Found Ujaomiocs's General Store.
 24831 | Snake:1  | Entered Level 1 of the Snake Pit
 25002 | Snake:1  | Received a gift from Okawaru
 25012 | Snake:1  | Got a bloodstained morningstar {god gift}
 25013 | Snake:1  | Identified the +9 morningstar "Pameg" {drain, *Rage rN+++ MR++ Str-4} (Okawaru gifted it to you on level 1 of the Snake Pit)
 25468 | Snake:1  | Found Ysiuk's Assorted Antiques.
 25624 | Snake:1  | Reached skill level 16 in Armour
 25659 | Snake:1  | Got an encrusted morningstar
 25660 | Snake:1  | Identified the cursed +2 morningstar "Ogre's Death Toll" {flame, Dex+4} (You found it on level 1 of the Snake Pit)
 25739 | Snake:1  | Reached XP level 15. HP: 81/81 MP: 20/22
 26182 | Snake:2  | Noticed Agnes
 26209 | Snake:2  | Killed Agnes
 26209 | Snake:2  | Reached skill level 5 in Fighting
 26231 | Snake:2  | Received a gift from Okawaru
 26628 | Snake:2  | Reached skill level 17 in Armour
 26796 | Snake:2  | Noticed Aizul
 26821 | Snake:2  | Killed Aizul
 27182 | Snake:3  | Lost mutation: Your flesh is heat resistant. [potion of cure mutation]
 27182 | Snake:3  | Lost mutation: You possess an exceptional clarity of mind. [potion of cure mutation]
 27182 | Snake:3  | Lost mutation: You have an increased reservoir of magic (+10% MP). [potion of cure mutation]
 27182 | Snake:3  | Lost mutation: You are partially covered in molten scales (AC +1). [potion of cure mutation]
 27323 | Snake:3  | Noticed a greater naga
 27338 | Snake:3  | Killed a greater naga
 27385 | Snake:3  | Noticed M4edhros's ghost (adept OpAr)
 27444 | Snake:3  | Killed M4edhros's ghost
 27652 | Snake:3  | Found Zeecronu's Food Shoppe.
 27826 | Snake:3  | Found Uthisad's Armour Shop.
 27881 | Snake:3  | Found Icvusi's Jewellery Shop.
 28188 | Snake:3  | Received a gift from Okawaru
 28636 | Snake:3  | Noticed a greater naga
 28667 | Snake:3  | Killed a greater naga
 28667 | Snake:3  | Reached skill level 10 in Fighting
 28694 | Snake:3  | Reached XP level 16. HP: 54/97 MP: 19/21
 29116 | Snake:3  | Found Tiocor's Food Emporium.
 29535 | Snake:3  | Noticed a greater naga
 29553 | Snake:3  | Killed a greater naga
 29587 | Snake:3  | Found Pookhomauxt's General Store.
 29760 | Snake:4  | Entered Level 4 of the Snake Pit
 29895 | Shoals:1 | Entered Level 1 of the Shoals
 30285 | Shoals:1 | Received a gift from Okawaru
 30561 | Shoals:1 | Noticed PositiveJam's ghost (adept MiFi)
 30659 | Shoals:1 | Killed PositiveJam's ghost
 30994 | Shoals:1 | HP: 2/103 [wind drake/the air (12)]
 31612 | Shoals:1 | Reached skill level 18 in Armour
 33088 | D:4      | Bought a brightly glowing crystal plate armour for 2550 gold pieces
 33088 | D:4      | Identified the cursed +0 crystal plate armour of Pride {rPois rN++ MR+ Str-3} (You bought it in a shop on level 4 of the Dungeon)
 34322 | Shoals:3 | Noticed a kraken
 34355 | Shoals:3 | Killed a kraken
 34355 | Shoals:3 | Reached XP level 17. HP: 78/112 MP: 22/22
 34780 | Shoals:3 | Received a gift from Okawaru
 34821 | Shoals:4 | Entered Level 4 of the Shoals
 34902 | Shoals:4 | Got a barnacled rune of Zot
 35000 | Shoals:4 | Reached skill level 15 in Fighting
 35494 | Shoals:4 | Noticed a kraken
 35530 | Shoals:4 | Killed a kraken
 35547 | Shoals:4 | Noticed simples's ghost (adept SpEn)
 35687 | Shoals:4 | Killed simples's ghost
 36013 | Shoals:4 | Noticed Ilsuiw
 36150 | Shoals:4 | Killed Ilsuiw
 37591 | Shoals:4 | Received a gift from Okawaru
 37594 | Shoals:4 | Got a pair of polished boots {god gift}
 37595 | Shoals:4 | Identified the +0 pair of boots of the Centipede {*Drain rElec MR++ Stlth+} (Okawaru gifted it to you on level 4 of the Shoals)
 37861 | Snake:4  | Reached skill level 19 in Armour
 37933 | Snake:4  | Reached XP level 18. HP: 68/124 MP: 14/23
 38596 | Snake:4  | HP: 4/186 [greater naga (6)]
 38598 | Snake:4  | Killed from afar by a greater naga

Skill      XL: |  1  2  3  4  5  6  7  8  9 10 11 12 13 14 15 16 17 |
---------------+----------------------------------------------------+-----
Fighting       | 4 10 14 17 | 17.9
Dodging        | 1 |  1.0
Maces & Flails | 3 4 5 6 8 10 11 13 14 | 14.0
Shields        | 5 7 9 11 13 15 | 15.0
Stealth        | 1 |  1.6
Invocations    | 1 4 6 7 |  7.0
Armour         | 4 8 12 16 17 18 19 | 19.2

Action                   |  1- 3 |  4- 6 |  7- 9 | 10-12 | 13-15 | 16-18 || total
-------------------------+-------+-------+-------+-------+-------+-------++-------
Melee: Flail             |   135 |   172 |   606 |  1306 |  1929 |  1857 ||  6005
       Morningstar       |       |       |       |       |   322 |    64 ||   386
Invok: Heroism           |       |       |     4 |    16 |    27 |    22 ||    69
       Finesse           |       |       |       |     2 |     7 |    10 ||    19
 Abil: Fly               |       |       |       |       |     1 |     1 ||     2
       Stop Flying       |       |       |       |       |       |     1 ||     1
  Use: Scroll            |     7 |     1 |    11 |    10 |    11 |    18 ||    58
       Potion            |     5 |     4 |     9 |     3 |     4 |     9 ||    34
 Stab: Distracted        |       |       |       |     1 |       |       ||     1
  Eat: Chunk             |     2 |     5 |    17 |    21 |    24 |    19 ||    88
       Royal jelly       |       |       |     1 |       |       |     1 ||     2
       Bread ration      |       |       |       |     3 |     2 |     2 ||     7
       Meat ration       |       |       |       |     1 |     1 |     1 ||     3
       Pizza             |       |       |       |       |     3 |       ||     3
       Fruit             |       |       |       |       |     1 |     1 ||     2
Armor: Scale mail        |    91 |    95 |   220 |       |       |       ||   406
       Skin              |       |       |     7 |       |       |       ||     7
       Plate armour      |       |       |       |   624 |   878 |   144 ||  1646
       Crystal plate arm |       |       |       |       |       |  1091 ||  1091
Dodge: Dodged            |    34 |    60 |   144 |   269 |   397 |   423 ||  1327
Block: Shield            |    80 |   112 |   446 |  1382 |  2181 |  2133 ||  6334
       Reflection        |       |       |     2 |    12 |    99 |    75 ||   188
